 Dungeon Crawl Stone Soup version 0.28-a0-1568-g77cbbf62ba (console) character file.

Game seed: 6472750601756592624

151 Banquo the Magician (level 5, -11/40 HPs)
             Began as a Djinni Cinder Acolyte on Jan 20, 2022.
             Was a High Priest of Ignis.
             Mangled by an ogre (15 damage)
             ... on level 4 of the Dungeon.
             The game lasted 00:05:52 (3766 turns).

Banquo the Magician (Djinni Cinder Acolyte)         Turns: 3766, Time: 00:05:54

Health: -11/40     AC:  3    Str: 13    XL:     5   Next: 60%
Gold:   77         EV: 11    Int: 18    God:    Ignis [*****.] SH:  0 Dex:  8

rFire   + + +      SeeInvis .   a - -1 short sword (flame)
rCold   x . .      Faith    .   (no shield)
rNeg    . . .      Spirit   .   b - +0 robe
rPois   ∞          Reflect  .   (no helmet)
rElec   .          Harm     .   m - +0 cloak
rCorr   .          Rampage  .   (no gloves)
Will    .....                   (boots unavailable)
Stlth   +.........              (no amulet)
HPRegen 0.13/turn               (no ring)
MPRegen 0.00/turn               (no ring)

@: flying
A: sickness immunity, fire resistance 2, cold vulnerability 1, float, innate
caster, hp casting, extra vitality 1
a: Renounce Religion, Fiery Armour, Foxfire Swarm, Rising Flame


You were on level 4 of the Dungeon.
You worshipped Ignis.
Ignis was extremely pleased with you.
You visited 1 branch of the dungeon, and saw 4 of its levels.

You collected 77 gold pieces.

Inventory:

Hand Weapons
 a - a -1 short sword of flaming (weapon)
 n - a +0 spear
Missiles
 h - 123 stones
Armour
 b - a +0 robe (worn)
 m - a +0 cloak (worn)
Jewellery
 p - a ring of fire
Wands
 k - a wand of paralysis (7)
Scrolls
 g - a scroll of enchant weapon {unknown}
 i - a scroll of amnesia {unknown}
 j - 4 scrolls of identify {unknown}
 l - a scroll of teleportation {unknown}
 o - a scroll of immolation {unknown}
Potions
 c - 2 potions of brilliance {unknown}
 d - a potion of curing {unknown}
 e - 3 potions of invisibility {unknown}
 f - a potion of lignification {unknown}


   Skills:
 + Level 3.4 Fighting
 + Level 3.1 Short Blades
 + Level 4.0 Spellcasting


You had 7 spell levels left.
You knew the following spells:

 Your Spells              Type           Power      Damage    Failure   Level
a - Scorch                Fire           36%        2d6       4%          2
b - Animate Skeleton      Necr           36%        N/A       2%          1
c - Corpse Rot            Necr/Air       36%        N/A       4%          2
Your spell library was empty.

Dungeon Overview and Level Annotations

Branches:
Dungeon (4/15)
 Temple: D:4-7

Altars:


Innate Abilities, Weirdness & Mutations

You are immune to sickness and miasma.
You are immune to poison.
Your flesh is very heat resistant. (rF++)
You are vulnerable to cold. (rC-)
You float through the air rather than walking.
You learn spells naturally, not from books.
Your magical power is your life essence.
You have superior vitality. (+4 MHP)


Message History

Casting: Scorch (safe; 4% risk of failure)
Press: ? - help, Q - select action, (/) - cycle Dir - look around, f - activate Flames lash the orc.
You kill the orc!
HP restored.
Things that are here:
a +0 whip; a +0 scale mail; an orc corpse An ogre comes into view.
It is wielding a +0 giant club.
The ogre shouts!
Casting: Scorch (safe; 4% risk of failure)
Press: ? - help, Q - select action, (/) - cycle Dir - look around, f - activate Flames lash the ogre.
The ogre is moderately wounded.
The ogre's fire resistance burns away.
Casting: Scorch (safe; 4% risk of failure)
Press: ? - help, Q - select action, (/) - cycle Dir - look around, f - activate Flames lash the ogre.
The ogre is burned terribly!
The ogre is moderately wounded.
The ogre hits you with a +0 giant club!!
Ouch! That really hurt!
* * * LOW HITPOINT WARNING * * *
Casting: Scorch (safe; 4% risk of failure)
Press: ? - help, Q - select action, (/) - cycle Dir - look around, f - activate Flames lash the ogre.
The ogre is burned terribly!
The ogre is heavily wounded.
* * * LOW HITPOINT WARNING * * *
Unknown command.
Casting: Scorch (safe; 4% risk of failure)
Press: ? - help, Q - select action, (/) - cycle Dir - look around, f - activate Flames lash the ogre.
The ogre is burned terribly!
The ogre is severely wounded.
* * * LOW HITPOINT WARNING * * *
The ogre closely misses you.
Casting: Scorch (safe; 4% risk of failure)
Press: ? - help, Q - select action, (/) - cycle Dir - look around, f - activate Flames lash the ogre.
The ogre is burned terribly!
The ogre is almost dead.
* * * LOW HITPOINT WARNING * * *
The ogre hits you with a +0 giant club!
You die...

#.........#
##.....≈≈≈###
#.#######.#
##...≈≈≈≈# #.#
##..≈≈≈≈# #.#
.≈≈≈≈≈# #.# ## #.#
.. #.# .###
#.#######.#####..≈≈≈
#.........##@O....≈≈
#####.######.##...≈≈
#.........##.##.#..≈
#.###...........# .
#####.##.#### #.##.#
.#######.##..
.........#####
##########


You could see an ogre (combustible).

Vanquished Creatures
  3 gnolls
  5 adders
  2 worms (D:3)
  3 dart slugs
  An orc (D:4)
  6 endoplasms
  A giant cockroach (D:1)
  7 goblins
  2 hobgoblins (D:2)
  5 jackals (D:1)
  4 quokkas
  7 ball pythons
  6 bats
  7 frilled lizards
  3 kobolds (D:1)
  6 rats
68 creatures vanquished.

Notes
Turn   | Place    | Note
-------+----------+-------------------------------------------
     0 | D:1      | Banquo the Djinni Cinder Acolyte began the quest for the
                  | Orb.
     0 | D:1      | Reached XP level 1. HP: 20/20 MP: 0/0
    49 | D:1      | Reached XP level 2. HP: 16/25 MP: 0/0
   636 | D:1      | Reached XP level 3. HP: 21/30 MP: 0/0
   636 | D:1      | Learned a level 1 spell: Animate Skeleton
  1564 | D:2      | Reached skill level 3 in Spellcasting
  1807 | D:2      | Reached XP level 4. HP: 28/35 MP: 0/0
  2753 | D:3      | Found a faded altar of an unknown god.
  2791 | D:3      | Reached XP level 5. HP: 31/40 MP: 0/0
  2791 | D:3      | Learned a level 2 spell: Corpse Rot
  3190 | D:3      | Reached skill level 4 in Spellcasting
  3761 | D:4      | Noticed an ogre
  3766 | D:4      | Mangled by an ogre

Illustrated notes

Levels and vault maps discovered:
D:1:      erik_arrival_blinker_ship, layout_loops_corners,
          minmay_stone_trees_small, amethyst_killhole, minmay_vboxes
D:2:      layout_loops_ring
D:3:      layout_rooms, nicolae_ecumenical_oubliette,
          chequers_serial_rivers_micro_c, chequers_serial_rivers_micro_e,
          grunt_decor_cap
D:4:      layout_loops_corners, mainiacjoe_overflow_catwalk,
          nicolae_concentric_dashed_squares_mild, grunt_decor_junction

Skill      XL: |  1  2  3  4  5 |
---------------+----------------+-----
Short Blades   | 3 |  3.1
Spellcasting   | 3 4 |  4.0
Fighting       | |  3.4

Action                   |  1- 3 |  4- 6 || total
-------------------------+-------+-------++-------
Melee: Short sword       |     8 |       ||     8
 Cast: Scorch            |    38 |    54 ||    92
Invok: Fiery Armour      |       |     1 ||     1
 Stab: Sleeping          |     1 |       ||     1
Armor: Robe              |     2 |     5 ||     7
Dodge: Dodged            |     6 |     9 ||    15

Table legend: (Time is in decaauts)
 A = Elapsed time spent in this place.
 B = Non-inter-level travel time spent in this place.
 C = Inter-level travel time spent in this place.
 D = Time resting spent in this place.
 E = Time spent auto-exploring this place.
 F = Levels seen in this place.
 G = Mean time per level.
                   A        B        C        D        E       F      G
               +--------+--------+--------+--------+--------+-----+--------+
         Total |   3771 |   3573 |    198 |    538 |   2688 |   4 |  942.8 |
       Dungeon |   3771 |   3573 |    198 |    538 |   2688 |   4 |  942.8 |
               +--------+--------+--------+--------+--------+-----+--------+

Top non-repeatable levels by time:
     D:1: 1592 daAuts
     D:2: 1303 daAuts
     D:3: 775 daAuts
     D:4: 99 daAuts
